[Event "Turkish Cup 2022"]
[Site "Sakarya"]
[Date "2022.03.28"]
[Round "6.30"]
[White "Karacor, Kemal"]
[Black "Kocakaplan, Emre"]
[Result "0-1"]
[ECO "E22"]
[WhiteElo "1700"]
[BlackElo "1846"]
[Annotator "NA"]
[PlyCount "98"]
[EventDate "2022.03.25"]
[EventType "swiss"]
[EventCountry "TUR"]
[SourceTitle "playchess.com"]
[Source "ChessBase"]
[SourceQuality "1"]
[TimeControl "5400+30"]

1. d4 Nf6 2. c4 e6 3. Nc3 Bb4 4. Qb3 Bxc3+ 5. Qxc3 d5 6. Bg5 O-O 7. Nf3 Nbd7 8. e3 h6 9. Bxf6 Nxf6 10. Bd3 dxc4 11. Qxc4 c6 12. O-O Qd6 13. h3 Rd8 14. Rac1 Bd7 15. Nd2 e5 16. Ne4 Nxe4 17. Bxe4 Be6 18. Qc2 exd4 19. Rfd1 Qb4 20. a3 Qb6 21. Rxd4 Rxd4 22. exd4 Qxd4 23. Rd1 Qf6 24. Qc3 Qxc3 25. bxc3 Re8 26. Bf3 Kf8 27. a4 Ke7 28. Rb1 Bc8 29. Re1+ Kd8 30. Kf1 Rxe1+ 31. Kxe1 Kc7 32. a5 a6 33. Kd2 Kd6 34. c4 Kc5 35. Kc3 b6 36. axb6 Kxb6 37. h4 Kc5 38. Bd1 Be6 39. Bb3 a5 40. g3 f6 41. f3 Bf7 42. g4 Be6 43. h5 Bf7 44. f4 Be6 45. f5 Bf7 46. Ba2 a4 47. Kd3 Kb4 48. Kd4 c5+ 49. Kd3 Ka3 0-1

[Event "Turkish Cup 2022"]
[Site "Sakarya"]
[Date "2022.03.28"]
[Round "6.31"]
[White "Surucu, Efe Mustafa"]
[Black "Gazioglu, Halit"]
[Result "1-0"]
[ECO "C47"]
[WhiteElo "1598"]
[BlackElo "1880"]
[Annotator "NA"]
[PlyCount "73"]
[EventDate "2022.03.25"]
[EventType "swiss"]
[EventCountry "TUR"]
[SourceTitle "playchess.com"]
[Source "ChessBase"]
[SourceQuality "1"]
[TimeControl "5400+30"]

1. e4 e5 2. Nf3 Nc6 3. Nc3 Nf6 4. a3 Be7 5. d4 d6 6. d5 Nb8 7. Bd3 O-O 8. Ne2 c6 9. c4 Nbd7 10. Ng3 Nc5 11. Bc2 a5 12. O-O cxd5 13. cxd5 Bd7 14. h3 a4 15. Be3 b6 16. Nh2 Ne8 17. f4 Bh4 18. Qf3 exf4 19. Qxf4 Qf6 20. Nf5 Bxf5 21. exf5 Qe7 22. Nf3 Bf6 23. Rae1 Qb7 24. g4 h6 25. h4 Qxd5 26. Rd1 Qc6 27. g5 hxg5 28. hxg5 Bxb2 29. Qb4 Be5 30. Qh4 Nd7 31. Be4 Qc3 32. Rd3 Qa5 33. Kg2 Bg3 34. Kxg3 Nef6 35. Rh1 Nxe4+ 36. Kg2 f6 37. g6 1-0

[Event "Turkish Cup 2022"]
[Site "Sakarya"]
[Date "2022.03.28"]
[Round "6.32"]
[White "Kayan, Veli"]
[Black "Oktem, Ege Tuna"]
[Result "0-1"]
[ECO "C01"]
[WhiteElo "1915"]
[BlackElo "1614"]
[Annotator "NA"]
[PlyCount "86"]
[EventDate "2022.03.25"]
[EventType "swiss"]
[EventCountry "TUR"]
[SourceTitle "playchess.com"]
[Source "ChessBase"]
[SourceQuality "1"]
[TimeControl "5400+30"]

1. e4 e6 2. d4 d5 3. Bd3 c5 4. c3 dxe4 5. Bxe4 cxd4 6. Qb3 Nc6 7. Nf3 Nf6 8. Bxc6+ bxc6 9. cxd4 Ba6 10. Be3 Nd5 11. a3 Bd6 12. Nbd2 Qa5 13. Rc1 O-O 14. Qc2 f5 15. b4 Qxa3 16. Nc4 Qxb4+ 17. Bd2 Qxc4 18. Qxc4 Bxc4 19. Rxc4 Rfc8 20. O-O Nb6 21. Rcc1 h6 22. Rfe1 Kf7 23. Ba5 Nd5 24. Rc4 Rab8 25. g3 Rb3 26. Kg2 Rb2 27. Bd2 g5 28. Bc1 Ra2 29. Bxg5 hxg5 30. Nxg5+ Kf6 31. h4 Bb8 32. Rxe6+ Kg7 33. Rc5 f4 34. h5 fxg3 35. h6+ Kf8 36. Rexc6 Rxf2+ 37. Kg1 Rxc6 38. Rxc6 Nf4 39. Rf6+ Ke7 40. Rf7+ Ke8 41. Rxf4 Bxf4 42. Nh3 Bxh6 43. Nxf2 Be3 0-1

[Event "Turkish Cup 2022"]
[Site "Sakarya"]
[Date "2022.03.28"]
[Round "6.33"]
[White "Avsar, Gediz"]
[Black "Arcasoy, Tugrul"]
[Result "1-0"]
[ECO "C93"]
[WhiteElo "1506"]
[BlackElo "1883"]
[Annotator "NA"]
[PlyCount "75"]
[EventDate "2022.03.25"]
[EventType "swiss"]
[EventCountry "TUR"]
[SourceTitle "playchess.com"]
[Source "ChessBase"]
[SourceQuality "1"]
[TimeControl "5400+30"]

1. e4 e5 2. Nf3 Nc6 3. Bb5 a6 4. Ba4 Nf6 5. O-O Be7 6. Re1 b5 7. Bb3 O-O 8. c3 d6 9. h3 Bb7 10. d4 h6 11. Nbd2 Re8 12. Nf1 Bf8 13. Ng3 Qd7 14. Nh4 Na5 15. Bc2 g6 16. Qf3 Nh7 17. Qd3 Qe7 18. Nf3 Bg7 19. a4 Bc6 20. d5 Bd7 21. b4 Nb7 22. c4 bxc4 23. Qxc4 Rec8 24. Qe2 c5 25. dxc6 Bxc6 26. Bd3 a5 27. b5 Bd7 28. Be3 Nf8 29. Bc4 Ne6 30. Bd5 Nf4 31. Bxf4 exf4 32. Bxb7 Bxb5 33. Qxb5 Rcb8 34. Bxa8 Rxb5 35. axb5 fxg3 36. b6 gxf2+ 37. Kxf2 Bxa1 38. b7 1-0

[Event "Turkish Cup 2022"]
[Site "Sakarya"]
[Date "2022.03.28"]
[Round "6.34"]
[White "Unesi, Erdal"]
[Black "Kaygisiz, Ozgur Can"]
[Result "1-0"]
[ECO "B77"]
[WhiteElo "1861"]
[BlackElo "1744"]
[Annotator "NA"]
[PlyCount "57"]
[EventDate "2022.03.25"]
[EventType "swiss"]
[EventCountry "TUR"]
[SourceTitle "playchess.com"]
[Source "ChessBase"]
[SourceQuality "1"]
[TimeControl "5400+30"]

1. e4 c5 2. Nc3 d6 3. Nge2 Nc6 4. d4 cxd4 5. Nxd4 g6 6. Be3 Bg7 7. f3 Nf6 8. Qd2 O-O 9. Bc4 a6 10. O-O-O Qc7 11. Bb3 Na5 12. Kb1 Nxb3 13. axb3 b5 14. Bh6 Bd7 15. Bxg7 Kxg7 16. g4 b4 17. Nd5 Nxd5 18. exd5 Rfb8 19. h4 h6 20. Rde1 Re8 21. h5 g5 22. f4 f6 23. fxg5 hxg5 24. Qd3 Bxg4 25. Qg6+ Kf8 26. h6 e5 27. Rhf1 Re7 28. Rxf6+ Rf7 29. Qg7+ 1-0

[Event "Turkish Cup 2022"]
[Site "Sakarya"]
[Date "2022.03.28"]
[Round "6.35"]
[White "Celik, Ege Yigit"]
[Black "Isbilir, Okan"]
[Result "1/2-1/2"]
[ECO "A20"]
[WhiteElo "1466"]
[BlackElo "1915"]
[Annotator "NA"]
[PlyCount "123"]
[EventDate "2022.03.25"]
[EventType "swiss"]
[EventCountry "TUR"]
[SourceTitle "playchess.com"]
[Source "ChessBase"]
[SourceQuality "1"]
[TimeControl "5400+30"]

1. c4 e5 2. d3 Nf6 3. Nf3 Nc6 4. a3 d5 5. cxd5 Nxd5 6. Nbd2 Be6 7. e3 Be7 8. Be2 O-O 9. O-O Qd7 10. Qc2 f6 11. b4 a5 12. b5 Na7 13. d4 exd4 14. Nxd4 Bf7 15. Bb2 c5 16. bxc6 Nxc6 17. Rfc1 Nxd4 18. Bxd4 Rfc8 19. Qb2 Rxc1+ 20. Rxc1 Rc8 21. Rxc8+ Qxc8 22. Bc4 Nc7 23. Bxf7+ Kxf7 24. Qc3 Qd7 25. Nb3 Ne6 26. Qxa5 b5 27. h3 h6 28. Qa6 Qd5 29. Na5 Bxa3 30. Nc6 Qb3 31. Qb7+ Kg8 32. Qc8+ Kh7 33. Qd7 Qb1+ 34. Kh2 Qf5 35. f4 Nxd4 36. Qxd4 Bc5 37. Qc3 h5 38. Qc1 Qd5 39. Qb1+ Kh6 40. Qxb5 Qd6 41. Nd8 Qe7 42. Ne6 Bxe3 43. g4 hxg4 44. hxg4 g5 45. fxg5+ fxg5 46. Qf5 Bf4+ 47. Nxf4 gxf4 48. Qxf4+ Kg6 49. Qf5+ Kh6 50. Qh5+ Kg7 51. Qf5 Qe3 52. g5 Qe2+ 53. Kg3 Qe3+ 54. Kg4 Qg1+ 55. Kh3 Qh1+ 56. Kg3 Qg1+ 57. Kh4 Qh2+ 58. Kg4 Qg2+ 59. Kh5 Qh2+ 60. Kg4 Qg2+ 61. Kf4 Qf2+ 62. Ke5 1/2-1/2

[Event "Turkish Cup 2022"]
[Site "Sakarya"]
[Date "2022.03.28"]
[Round "6.36"]
[White "Anacak, Hasan Gunes"]
[Black "Sakmak, Kutay"]
[Result "1-0"]
[ECO "B23"]
[WhiteElo "1798"]
[BlackElo "1718"]
[Annotator "NA"]
[PlyCount "125"]
[EventDate "2022.03.25"]
[EventType "swiss"]
[EventCountry "TUR"]
[SourceTitle "playchess.com"]
[Source "ChessBase"]
[SourceQuality "1"]
[TimeControl "5400+30"]

1. e4 c5 2. Nc3 e6 3. Nge2 Nc6 4. g3 g6 5. d4 Bg7 6. dxc5 Qa5 7. Bg2 Qxc5 8. Be3 Qa5 9. O-O Nf6 10. h3 O-O 11. f4 d5 12. e5 Nd7 13. a3 a6 14. Qe1 Rd8 15. Qf2 b5 16. Nc1 Bb7 17. Nd3 Qc7 18. Ne2 Bf8 19. g4 Rdc8 20. Rae1 a5 21. c3 b4 22. f5 Ndxe5 23. Nxe5 Nxe5 24. fxe6 fxe6 25. Qf6 Bg7 26. Qxe6+ Kh8 27. Bb6 Qc4 28. Nd4 Re8 29. Qd6 Rac8 30. Bxa5 bxa3 31. bxa3 Qa4 32. Bb4 Ba6 33. Rf2 Nc4 34. Rxe8+ Rxe8 35. Qxd5 Qd1+ 36. Rf1 Qd2 37. Qc6 Qe3+ 38. Kh1 Nd2 39. Qxa6 Nxf1 40. Qxf1 Qg3 41. Ne2 Qe3 42. Bf3 Rd8 43. c4 Rd3 44. Kg2 Rb3 45. Qf2 Qe8 46. c5 Be5 47. c6 Rb1 48. Be4 Rd1 49. Qf8+ Qxf8 50. Bxf8 Kg8 51. Bb4 Kf7 52. Bc2 Ra1 53. Bb3+ Kf6 54. Kf3 Rh1 55. g5+ Kxg5 56. Be7+ Kh6 57. Be6 Bc7 58. Ng3 Re1 59. Bf8+ Kg5 60. Ne4+ Kh4 61. Be7+ Kh5 62. Bg4+ Kh6 63. Bf8# 1-0

[Event "Turkish Cup 2022"]
[Site "Sakarya"]
[Date "2022.03.28"]
[Round "6.37"]
[White "Ozcan, Kadir Kutay"]
[Black "Gozubuyukoglu, Selami"]
[Result "1-0"]
[ECO "C33"]
[WhiteElo "1878"]
[BlackElo "1747"]
[Annotator "NA"]
[PlyCount "114"]
[EventDate "2022.03.25"]
[EventType "swiss"]
[EventCountry "TUR"]
[SourceTitle "playchess.com"]
[Source "ChessBase"]
[SourceQuality "1"]
[TimeControl "5400+30"]

1. e4 e5 2. f4 exf4 3. Bc4 Qh4+ 4. Kf1 d5 5. Bxd5 Nf6 6. Nf3 Qh5 7. Nc3 c6 8. Bb3 g5 9. d4 Bg4 10. Qd3 Bg7 11. h4 Bxf3 12. Qxf3 Qxf3+ 13. gxf3 Nh5 14. Ne2 h6 15. Bd2 Nd7 16. Rd1 O-O 17. hxg5 Ng3+ 18. Nxg3 fxg3 19. gxh6 Bf6 20. e5 Be7 21. e6 fxe6 22. Bxe6+ Kh8 23. Bxd7 Rxf3+ 24. Kg2 Rf2+ 25. Kxg3 Raf8 26. Bg4 Bd6+ 27. Kh4 Rg2 28. Bg5 Bf4 29. Rdg1 Bxg5+ 30. Kxg5 Rg8+ 31. Kf6 R8xg4 32. Rxg2 Rxg2 33. Rc1 Re2 34. b3 Re4 35. c3 Rh4 36. Kg6 Rg4+ 37. Kf7 Rh4 38. Ke7 Rxh6 39. c4 Rh7+ 40. Kd6 Kg8 41. Rf1 Rh6+ 42. Kc7 Rh7+ 43. Kb8 b5 44. cxb5 cxb5 45. Rc1 Rh2 46. Kxa7 Rxa2+ 47. Kb6 Rb2 48. Rc3 b4 49. Rf3 Rc2 50. d5 Rc3 51. Rxc3 bxc3 52. d6 c2 53. d7 Kf7 54. d8=Q c1=Q 55. Qc7+ Qxc7+ 56. Kxc7 Ke6 57. b4 Ke5 1-0

[Event "Turkish Cup 2022"]
[Site "Sakarya"]
[Date "2022.03.28"]
[Round "6.38"]
[White "Arslan, Tayfun"]
[Black "Kilic, Cihan"]
[Result "0-1"]
[ECO "B13"]
[WhiteElo "1512"]
[BlackElo "1874"]
[Annotator "NA"]
[PlyCount "156"]
[EventDate "2022.03.25"]
[EventType "swiss"]
[EventCountry "TUR"]
[SourceTitle "playchess.com"]
[Source "ChessBase"]
[SourceQuality "1"]
[TimeControl "5400+30"]

1. e4 c6 2. d4 d5 3. exd5 cxd5 4. Nf3 Nc6 5. c3 g6 6. Bd3 Bg7 7. O-O e6 8. Re1 Nge7 9. Nbd2 O-O 10. Nf1 a6 11. Bf4 b5 12. Qd2 Re8 13. b4 Bb7 14. a4 bxa4 15. Rxa4 Nc8 16. Qe2 Nb6 17. Ra2 Qc8 18. Rea1 Nb8 19. Qc2 Nc4 20. N1d2 Nd7 21. Nxc4 dxc4 22. Be4 e5 23. Bxb7 Qxb7 24. dxe5 Bxe5 25. Bxe5 Nxe5 26. Nd4 Nd3 27. Qa4 Re5 28. Qc6 Rae8 29. g3 Re1+ 30. Rxe1 Rxe1+ 31. Kg2 Qxc6+ 32. Nxc6 Rc1 33. Ne7+ Kg7 34. Nd5 g5 35. h3 f5 36. f4 g4 37. hxg4 fxg4 38. Rxa6 Rc2+ 39. Kf1 Rf2+ 40. Kg1 Rf3 41. Ra2 h5 42. Rg2 Kg6 43. b5 Nc5 44. Nb6 Rxc3 45. Kh2 Rc1 46. Rd2 c3 47. Rd6+ Kf7 48. Rc6 Rc2+ 49. Kg1 Rd2 50. Rc7+ Ke8 51. Rc8+ Ke7 52. Rc7+ Nd7 53. Nc8+ Kd8 54. Rxc3 Rb2 55. Nd6 Ke7 56. Rd3 Ke6 57. Ne8 Nc5 58. Ng7+ Kf7 59. Rd5 Rb1+ 60. Kg2 Rxb5 61. Nxh5 Rb2+ 62. Kf1 Ne4 63. Rf5+ Kg6 64. Re5 Nd2+ 65. Kf2 Nf3+ 66. Re2 Rxe2+ 67. Kxe2 Kxh5 68. Ke3 Kg6 69. Ke4 Nd2+ 70. Ke5 Nc4+ 71. Kd4 Nd6 72. Ke3 Nf5+ 73. Kf2 Kf6 74. Kg2 Ke6 75. Kf2 Kd5 76. Kg2 Ke4 77. Kf2 Kd3 78. Kg2 Ke3 0-1

[Event "Turkish Cup 2022"]
[Site "Sakarya"]
[Date "2022.03.28"]
[Round "6.39"]
[White "Once, Ahmet Asim"]
[Black "Zuberoglu, Ibrahim Berk"]
[Result "0-1"]
[ECO "A48"]
[WhiteElo "1450"]
[BlackElo "1780"]
[Annotator "NA"]
[PlyCount "83"]
[EventDate "2022.03.25"]
[EventType "swiss"]
[EventCountry "TUR"]
[SourceTitle "playchess.com"]
[Source "ChessBase"]
[SourceQuality "1"]
[TimeControl "5400+30"]

1. d4 Nf6 2. Nf3 g6 3. Bf4 Bg7 4. e3 d6 5. Nbd2 O-O 6. Bd3 Nc6 7. c3 e5 8. Bg5 h6 9. Bxf6 Bxf6 10. Qc2 Bg7 11. h4 Be6 12. Nf1 Qe7 13. dxe5 dxe5 14. h5 f5 15. Nh4 e4 16. Nxg6 Qc5 17. Nxf8 Rxf8 18. Be2 Nb4 19. Qc1 Nxa2 20. Rxa2 Bxa2 21. Nd2 Be6 22. Qc2 Kh8 23. Nb3 Qe7 24. Nd4 Bd7 25. Qb3 c5 26. Nb5 a6 27. Nc7 Qd6 28. Nd5 c4 29. Bxc4 b5 30. Be2 Be6 31. c4 bxc4 32. Bxc4 Bxd5 33. Bxd5 Rd8 34. O-O Qxd5 35. Qb6 Qd6 36. Qb7 Rb8 37. Qf7 Qf6 38. Qd5 Qg5 39. b3 Rd8 40. Qf7 Be5 41. g3 Rg8 42. Kh2 0-1

[Event "Turkish Cup 2022"]
[Site "Sakarya"]
[Date "2022.03.28"]
[Round "6.40"]
[White "Lokman, Hilmi Merih"]
[Black "Kuru, Atilla"]
[Result "0-1"]
[ECO "D31"]
[WhiteElo "1601"]
[BlackElo "1674"]
[Annotator "NA"]
[PlyCount "146"]
[EventDate "2022.03.25"]
[EventType "swiss"]
[EventCountry "TUR"]
[SourceTitle "playchess.com"]
[Source "ChessBase"]
[SourceQuality "1"]
[TimeControl "5400+30"]

1. d4 Nf6 2. c4 e6 3. Nc3 d5 4. e3 c6 5. f4 Bb4 6. Nf3 Ne4 7. Bd2 Nxd2 8. Qxd2 Nd7 9. a3 Bd6 10. c5 Bc7 11. Bd3 b6 12. b4 bxc5 13. bxc5 O-O 14. O-O f6 15. Qc2 g6 16. Bxg6 f5 17. Bh5 Nf6 18. Ne5 Bxe5 19. dxe5 Nxh5 20. Ne2 Ba6 21. Nd4 Bxf1 22. Nxe6 Qe7 23. Nxf8 Bc4 24. Qxf5 Ng7 25. Qxh7+ Kxf8 26. Qh8+ Kf7 27. Qxa8 Qxc5 28. Qb7+ Kg6 29. Re1 Bb5 30. Qc8 Qc3 31. Qg4+ Kh7 32. Qh4+ Kg8 33. Qg3 Kf7 34. Qh4 Nf5 35. Qf2 d4 36. exd4 Nxd4 37. h3 Ke6 38. Re3 Qc1+ 39. Kh2 c5 40. Rg3 Bc6 41. Rg6+ Kd5 42. Rd6+ Kc4 43. e6 Qd1 44. f5 Nf3+ 45. Qxf3 Qxd6+ 46. Qg3 Qd5 47. Qg4+ Kb5 48. f6 Qe5+ 49. Qg3 Qxf6 50. Qb3+ Ka6 51. Qc4+ Kb6 52. Qg4 Qe5+ 53. Kg1 Bd5 54. h4 Qe1+ 55. Kh2 Bxe6 56. Qg5 Qd1 57. h5 Qd6+ 58. Kg1 Bf7 59. h6 Bg6 60. a4 a6 61. Qc1 Qd4+ 62. Kh1 Qxa4 63. Qb2+ Ka5 64. Qg7 Qd1+ 65. Kh2 Qh5+ 66. Kg1 c4 67. Qc7+ Kb4 68. Qb6+ Kc3 69. Qxa6 Qxh6 70. Qa1+ Kb3 71. Qd1+ Bc2 72. Qf3+ Kb2 73. Qb7+ Bb3 0-1

[Event "Turkish Cup 2022"]
[Site "Sakarya"]
[Date "2022.03.28"]
[Round "6.41"]
[White "Kurdas, Halil Ibrahim"]
[Black "Elmas, Mustafa"]
[Result "1-0"]
[ECO "E07"]
[WhiteElo "1850"]
[BlackElo "1614"]
[Annotator "NA"]
[PlyCount "79"]
[EventDate "2022.03.25"]
[EventType "swiss"]
[EventCountry "TUR"]
[SourceTitle "playchess.com"]
[Source "ChessBase"]
[SourceQuality "1"]
[TimeControl "5400+30"]

1. Nf3 Nf6 2. g3 d5 3. d4 e6 4. Bg2 Nbd7 5. O-O c5 6. c4 Be7 7. cxd5 exd5 8. Nc3 O-O 9. Bg5 h6 10. Bf4 c4 11. Ne5 Nb6 12. a4 Bb4 13. a5 Bxc3 14. bxc3 Nbd7 15. a6 Nb6 16. Qc2 bxa6 17. Nc6 Qd7 18. Nb4 Re8 19. Nxa6 Bxa6 20. Rxa6 Ne4 21. f3 Nf6 22. Be5 Qb7 23. Rfa1 Nfd7 24. Bf4 Nb8 25. Bxb8 Qxb8 26. e4 Re7 27. e5 Qc8 28. f4 g6 29. g4 Qe8 30. f5 Kh7 31. h4 Rd8 32. Rxa7 Rxa7 33. Rxa7 Rd7 34. Ra6 Nc8 35. h5 g5 36. Qa4 Qd8 37. Qc6 f6 38. Ra8 Rc7 39. Qe6 Qe7 40. Rxc8 1-0

[Event "Turkish Cup 2022"]
[Site "Sakarya"]
[Date "2022.03.28"]
[Round "6.43"]
[White "Hatirli, Ugur Can"]
[Black "Kaban, Mahmut"]
[Result "1-0"]
[ECO "A11"]
[WhiteElo "1818"]
[BlackElo "1525"]
[Annotator "NA"]
[PlyCount "169"]
[EventDate "2022.03.25"]
[EventType "swiss"]
[EventCountry "TUR"]
[SourceTitle "playchess.com"]
[Source "ChessBase"]
[SourceQuality "1"]
[TimeControl "5400+30"]

1. Nf3 d5 2. g3 Bg4 3. Bg2 e6 4. c4 c6 5. cxd5 Bxf3 6. Bxf3 cxd5 7. d3 Nc6 8. O-O Nf6 9. Nd2 Rc8 10. Bg2 Be7 11. Nf3 O-O 12. Bd2 b5 13. Qb3 Qb6 14. Rac1 a5 15. Be3 Qa6 16. a4 Rb8 17. axb5 Rxb5 18. Qa4 Nb4 19. Rc7 Rb7 20. Rxe7 Rxe7 21. Bc5 Rb7 22. Bxf8 Kxf8 23. Rc1 Nd7 24. Nd4 Qb6 25. Nf3 Nc5 26. Qa3 f6 27. Bh3 Kf7 28. Bf1 Nba6 29. d4 Ne4 30. Rc8 Nb4 31. Qa4 Nd6 32. Rc5 Ra7 33. e3 Ne4 34. Rc8 Nd6 35. Rh8 Qc6 36. Qd1 Qc2 37. Qxc2 Nxc2 38. h4 Rb7 39. Ra8 Rxb2 40. Rxa5 Rb1 41. Ra7+ Kf8 42. Rc7 Nc4 43. h5 Rd1 44. h6 gxh6 45. Rxh7 N2xe3 46. fxe3 Nxe3 47. Nh2 Nf5 48. g4 Nxd4 49. Rxh6 Kg7 50. Rh3 Ne2+ 51. Kf2 Nf4 52. Ra3 e5 53. Nf3 d4 54. Ra7+ Kg6 55. Re7 Nd5 56. Re8 Ne3 57. Be2 Rh1 58. g5 Kf7 59. Rb8 fxg5 60. Nxe5+ Ke6 61. Nf3 Nf5 62. Rb6+ Ke7 63. Rg6 Rh5 64. Nxg5 Rh2+ 65. Ke1 Rh1+ 66. Kd2 Ra1 67. Re6+ Kd7 68. Bg4 Rf1 69. Rf6 Rg1 70. Bxf5+ Ke7 71. Re6+ Kf8 72. Nf3 Rg2+ 73. Kd3 Rg3 74. Be4 Kf7 75. Ra6 Ke7 76. Kxd4 Kd7 77. Ne5+ Ke7 78. Kd5 Rg1 79. Re6+ Kd8 80. Kd6 Rd1+ 81. Bd5 Rf1 82. Nc6+ Kc8 83. Re8+ Kb7 84. Rb8+ Ka6 85. Bc4# 1-0

[Event "Turkish Cup 2022"]
[Site "Sakarya"]
[Date "2022.03.28"]
[Round "6.44"]
[White "Ulku, Ahmet"]
[Black "Serbulent, Huseyin"]
[Result "1-0"]
[ECO "B52"]
[WhiteElo "1284"]
[BlackElo "1775"]
[Annotator "NA"]
[PlyCount "127"]
[EventDate "2022.03.25"]
[EventType "swiss"]
[EventCountry "TUR"]
[SourceTitle "playchess.com"]
[Source "ChessBase"]
[SourceQuality "1"]
[TimeControl "5400+30"]

1. e4 c5 2. Nf3 d6 3. Bb5+ Bd7 4. Bxd7+ Qxd7 5. O-O g6 6. c3 Bg7 7. d4 e6 8. Bf4 Ne7 9. Qc1 O-O 10. Na3 cxd4 11. cxd4 Rc8 12. Qd2 Na6 13. Rac1 d5 14. e5 Nf5 15. Nc2 Qa4 16. a3 Rc4 17. Ne3 Nxe3 18. Qxe3 Qb5 19. b3 Rc6 20. Rxc6 bxc6 21. Rc1 Rc8 22. b4 Nb8 23. Bh6 Nd7 24. Bxg7 Kxg7 25. h4 a5 26. bxa5 Qxa5 27. Rb1 Nb6 28. Qg5 h6 29. Qf6+ Kg8 30. h5 Nd7 31. Qe7 Qd8 32. Qxd8+ Rxd8 33. hxg6 fxg6 34. Rb7 c5 35. dxc5 Nxc5 36. Rc7 Nb3 37. Re7 d4 38. Rxe6 Kf7 39. Rb6 Nc5 40. Rf6+ Ke7 41. Rxg6 Ne6 42. Rxh6 d3 43. Rh7+ Ke8 44. Rh8+ Nf8 45. Nd2 Ra8 46. f4 Rxa3 47. Kf2 Kf7 48. Ke3 Kg7 49. Rh1 Ng6 50. Rb1 Ra2 51. g3 Ra4 52. Rb3 Ne7 53. Kxd3 Nd5 54. Nc4 Ra1 55. Ke4 Ne7 56. g4 Ra4 57. Rc3 Ra7 58. f5 Ng8 59. g5 Kh8 60. f6 Kh7 61. Kf5 Nh6+ 62. gxh6 Kh8 63. Nd6 Kh7 64. f7 1-0

[Event "Turkish Cup 2022"]
[Site "Sakarya"]
[Date "2022.03.28"]
[Round "6.45"]
[White "Aysoy, Veysi"]
[Black "Kandaz, Berat Efe"]
[Result "0-1"]
[ECO "B99"]
[WhiteElo "1811"]
[BlackElo "1519"]
[Annotator "NA"]
[PlyCount "46"]
[EventDate "2022.03.25"]
[EventType "swiss"]
[EventCountry "TUR"]
[SourceTitle "playchess.com"]
[Source "ChessBase"]
[SourceQuality "1"]
[TimeControl "5400+30"]

1. e4 c5 2. Nf3 d6 3. d4 cxd4 4. Nxd4 Nf6 5. Nc3 a6 6. Bg5 e6 7. f4 Be7 8. Qf3 Qc7 9. O-O-O Nbd7 10. g4 h6 11. Bh4 g5 12. fxg5 Ne5 13. Ndb5 axb5 14. Nxb5 Qc6 15. Nxd6+ Bxd6 16. Qxf6 Ng6 17. gxh6 Be7 18. Rd8+ Kxd8 19. Qd4+ Bd7 20. Bxe7+ Kxe7 21. Bc4 e5 22. Qd3 Be6 23. Bd5 Nf4 0-1

[Event "Turkish Cup 2022"]
[Site "Sakarya"]
[Date "2022.03.28"]
[Round "6.46"]
[White "Onem, Cem"]
[Black "Dolek, Gokalp Deniz"]
[Result "0-1"]
[ECO "D12"]
[WhiteElo "1793"]
[BlackElo "1520"]
[Annotator "NA"]
[PlyCount "80"]
[EventDate "2022.03.25"]
[EventType "swiss"]
[EventCountry "TUR"]
[SourceTitle "playchess.com"]
[Source "ChessBase"]
[SourceQuality "1"]
[TimeControl "5400+30"]

1. d4 d5 2. c4 Bf5 3. Nc3 e6 4. Nf3 Nf6 5. e3 c6 6. Qb3 Qb6 7. c5 Qc7 8. Nh4 Bg4 9. h3 Bh5 10. g4 Bg6 11. Nxg6 hxg6 12. Bg2 Nbd7 13. Bd2 e5 14. Qc2 Be7 15. O-O-O O-O-O 16. Kb1 Rhe8 17. f4 e4 18. Bf1 Rh8 19. Be2 Rh7 20. g5 Nh5 21. Bg4 Ng3 22. Rhg1 Nf5 23. Ne2 Kb8 24. Ng3 Nxg3 25. Rxg3 Bxg5 26. Rg2 Be7 27. f5 gxf5 28. Bxf5 g6 29. Bg4 f5 30. Be2 g5 31. Rf2 Rf8 32. Rdf1 Rhf7 33. Bg4 f4 34. exf4 gxf4 35. Bxd7 Qxd7 36. Rxf4 Rxf4 37. Bxf4+ Kc8 38. Qg2 Qf5 39. Qg7 e3+ 40. Kc1 e2 0-1

[Event "Turkish Cup 2022"]
[Site "Sakarya"]
[Date "2022.03.28"]
[Round "6.47"]
[White "Yenil, Mucahit"]
[Black "Sahin, Fehim"]
[Result "0-1"]
[ECO "D02"]
[WhiteElo "1736"]
[BlackElo "1648"]
[Annotator "NA"]
[PlyCount "64"]
[EventDate "2022.03.25"]
[EventType "swiss"]
[EventCountry "TUR"]
[SourceTitle "playchess.com"]
[Source "ChessBase"]
[SourceQuality "1"]
[TimeControl "5400+30"]

1. d4 c6 2. Nf3 d5 3. b3 Bf5 4. Bb2 Nf6 5. Nbd2 e6 6. e3 Nbd7 7. Be2 Bd6 8. Ne5 Ne4 9. h4 h6 10. Nxe4 Bxe4 11. f3 Bh7 12. Bd3 Bxd3 13. Qxd3 Nxe5 14. dxe5 Be7 15. g3 Qb6 16. O-O-O a5 17. a4 Qa6 18. Qxa6 Rxa6 19. f4 b5 20. axb5 cxb5 21. e4 dxe4 22. Rhe1 g5 23. hxg5 hxg5 24. Rxe4 a4 25. Kb1 Rh3 26. bxa4 bxa4 27. Rc4 Ra8 28. fxg5 Rxg3 29. Rh4 a3 30. Rh8+ Bf8 31. Rdh1 Rxg5 32. Rxf8+ Kxf8 0-1

[Event "Turkish Cup 2022"]
[Site "Sakarya"]
[Date "2022.03.29"]
[Round "7.1"]
[White "Kirilmaz, Emre"]
[Black "Sevgi, Volkan"]
[Result "1/2-1/2"]
[ECO "A46"]
[WhiteElo "2229"]
[BlackElo "2344"]
[Annotator "ChessBase"]
[PlyCount "154"]
[EventDate "2022.03.25"]
[EventType "swiss"]
[EventCountry "TUR"]
[SourceTitle "playchess.com"]
[Source "ChessBase"]
[SourceQuality "1"]
[TimeControl "5400+30"]

1. d4 Nf6 2. Nf3 e6 3. Bg5 h6 4. Bh4 c5 5. e3 Qb6 6. Qc1 cxd4 7. Bxf6 gxf6 8. exd4 Nc6 9. c3 d5 10. Be2 e5 11. O-O Be6 12. Nbd2 Rc8 13. Nb3 h5 14. Re1 e4 15. Nfd2 h4 16. Nf1 Bd6 17. Nc5 Bxc5 18. dxc5 Qxc5 19. Qf4 f5 20. Ne3 Ne7 21. Rad1 Ng6 22. Qg5 Qe7 23. Bb5+ Kf8 24. Qxe7+ Nxe7 25. f4 Rc5 26. Ba4 b5 27. Bb3 a5 28. a3 Kg7 29. Rd2 Rb8 30. Nc2 Nc6 31. Nd4 b4 32. cxb4 axb4 33. Nxc6 Rxc6 34. a4 d4 35. Bxe6 fxe6 36. Rxd4 b3 37. Kf2 Kf6 38. a5 e5 39. fxe5+ Kxe5 40. Ra4 Rg8 41. Re2 Rgg6 42. Rb4 Rc5 43. Rxb3 Rxa5 44. g3 h3 45. Rb8 Rd6 46. Re8+ Kf6 47. Rh8 Rd1 48. Rxh3 Raa1 49. Rh8 Rg1 50. Rf8+ Ke6 51. Re8+ Kf6 52. Rf8+ Ke7 53. Rh8 Kf7 54. Rc2 Raf1+ 55. Ke3 Kg7 56. Ra8 Rf3+ 57. Kd4 Rd1+ 58. Ke5 Rd7 59. Rcc8 Re7+ 60. Kd6 Kf6 61. Rf8+ Rf7 62. Rxf7+ Kxf7 63. Ra1 Rb3 64. Ke5 Kg6 65. h4 Rf3 66. g4 fxg4 67. Kxe4 Rb3 68. Ra5 Rb4+ 69. Ke3 Kh6 70. Rg5 Rb3+ 71. Kf4 Rxb2 72. Rxg4 Rb4+ 73. Kf3 Rxg4 74. Kxg4 Kh7 75. h5 Kg7 76. h6+ Kh7 77. Kf5 Kxh6 1/2-1/2

[Event "Turkish Cup 2022"]
[Site "Sakarya"]
[Date "2022.03.29"]
[Round "7.2"]
[White "Samani, Yamac"]
[Black "Ozsakallioglu, Okan"]
[Result "1-0"]
[ECO "C41"]
[WhiteElo "2257"]
[BlackElo "2270"]
[Annotator "TA"]
[PlyCount "69"]
[EventDate "2022.03.25"]
[EventType "swiss"]
[EventCountry "TUR"]
[SourceTitle "playchess.com"]
[Source "ChessBase"]
[SourceQuality "1"]
[TimeControl "5400+30"]

1. e4 d6 2. d4 Nf6 3. Nc3 e5 4. Nf3 Nbd7 5. Bc4 Be7 6. a4 O-O 7. O-O c6 8. Re1 b6 9. h3 Bb7 10. dxe5 dxe5 11. Nh4 g6 12. Bh6 Re8 13. Qf3 Bf8 (13... Qc7 $16 {was called for.}) 14. Bg5 $18 Bg7 15. Rad1 Qe7 16. Rxd7 $1 Qxd7 17. Bxf6 Bxf6 18. Qxf6 Qe7 19. Qxe7 Rxe7 20. Rd1 a6 21. Nf3 b5 22. axb5 axb5 23. Bb3 h6 24. h4 Kg7 25. h5 g5 26. Rd6 c5 27. Nxb5 Bxe4 28. Nc3 Bb7 29. Nd5 Bxd5 30. Rxd5 ({Resist} 30. Bxd5 $6 Raa7 31. g4 Ra4 $18) 30... Ra1+ 31. Kh2 e4 32. Ne5 Rf1 (32... Rc7 $142 33. Nc4 Ra6) 33. Ng4 $18 Rc7 34. Bc4 Rc1 35. Ne3 1-0